 Dungeon Crawl Stone Soup version 0.16.2-12-gd0ad4c3 (webtiles) character file.

263 Peloso the Covered (level 5, -15/46 HPs)
             Began as a Minotaur Fighter on Sept 28, 2015.
             Was an Initiate of Okawaru.
             Demolished by an ogre
             ... wielding a +0 giant spiked club
              (28 damage)
             ... on level 4 of the Dungeon.
             The game lasted 00:08:53 (2838 turns).

Peloso the Covered (Minotaur Fighter)               Turns: 2838, Time: 00:08:53

Health: -15/46     AC:  8    Str: 21    XL:     5   Next: 97%
Magic:  2/2        EV:  8    Int:  5    God:    Okawaru [......]
Gold:   211        SH: 10    Dex: 10    Spells: 0 memorised, 4 levels left

rFire  + . .     SeeInvis .     a - +0 long sword
rCold  x . .     Clarity  .     b - +0 scale mail
rNeg   . . .     SustAb   .     c - +0 shield
rPois  .         Gourm    .     (helmet restricted)
rElec  .         Spirit   .     (no cloak)
rCorr  .         Warding  .     f - +0 pair of gloves
rMut   .         Stasis   .     (no boots)
MR     .....                    (no amulet)
Stlth  ..........               v - ring of flight
                                m - ring of fire

@: not resistant to hostile enchantments, extremely unstealthy
A: retaliatory headbutt, horns 2, spit poison 1
a: Spit Poison, Renounce Religion, Evoke Flight


You were on level 4 of the Dungeon.
You worshipped Okawaru.
Okawaru was noncommittal.
You were very hungry.

You visited 1 branch of the dungeon, and saw 4 of its levels.

You collected 211 gold pieces.

Inventory:

Hand weapons
 a - a +0 long sword (weapon)
 l - a +0 hand axe of flaming
Armour
 b - a +0 scale mail (worn)
 c - a +0 shield (worn)
 f - a +0 pair of gloves (worn)
Jewellery
 m - a ring of fire (left hand)
 v - a ring of flight (right hand)
Scrolls
 g - a scroll of fog
 h - 2 scrolls of teleportation
 k - a scroll of identify
 p - 4 scrolls of amnesia {unknown}
 u - a scroll of enchant weapon {unknown}
Potions
 e - 3 potions of might
 j - a potion of haste {unknown}
 o - 2 potions of invisibility
 r - a potion of degeneration {unknown}
 s - a potion of flight {unknown}
 t - a potion of heal wounds {unknown}
Comestibles
 d - 2 bread rations
 i - a meat ration
 q - 10 chunks of flesh


   Skills:
 + Level 4.2 Fighting
 + Level 3.9 Long Blades
 + Level 5.3 Armour
 + Level 1.8 Dodging
 + Level 5.3 Shields


You had 4 spell levels left.
You didn't know any spells.

Dungeon Overview and Level Annotations

Branches:
Dungeon (4/15)
 Temple: D:4-7

Altars:
Dithmenos
Okawaru
Sif Muna
Xom


Innate Abilities, Weirdness & Mutations

You reflexively headbutt those who attack you in melee.
You have a pair of horns on your head.
You can spit poison.


Message History

An ogre is nearby!
An ogre is nearby!
The ogre hits you with a giant spiked club!!
Ouch! That really hurt!
You hit the ogre but do no damage.
The ogre hits you with a giant spiked club.
* * * LOW HITPOINT WARNING * * *
You slash the ogre! Your headbutt misses the ogre.
The ogre is moderately wounded.
The ogre barely misses you.
You slash the ogre!
The ogre is severely wounded.
You are feeling very hungry.
The ogre barely misses you. You furiously retaliate!
You headbutt the ogre, but do no damage.
You hit the ogre but do no damage. You headbutt the ogre.
The ogre is severely wounded.
The ogre hits you with a giant spiked club!!
Ouch! That really hurt!
You die...

#######.# #######.....#.#
#.......##.##.#
#.......#.....#
#.......#.....#
#.........#.... .
########...###..##
.....###....#########..#.
.......O@.............>..
....$###.##########.#####
. #.. #....... ####
#..##... #..##.## #####.#
#.# #.# #<#


You could see an ogre.

Vanquished Creatures
  An orc priest (D:3)
  10 gnolls
  4 adders (D:3)
  2 worms
  4 giant geckos
  An ooze (D:3)
  10 orcs
  A ball python (D:3)
  2 giant cockroaches
  5 goblins
  12 hobgoblins
  6 kobolds
  A quokka (D:3)
  14 bats
  7 giant newts
  5 rats
85 creatures vanquished.

Notes
Turn   | Place    | Note
--------------------------------------------------------------
     0 | D:1      | Peloso, the Minotaur Fighter, began the quest for the Orb.
     0 | D:1      | Reached XP level 1. HP: 19/19 MP: 1/1
   128 | D:1      | Reached skill level 4 in Armour
   128 | D:1      | Reached XP level 2. HP: 24/27 MP: 1/1
   840 | D:2      | Found an iron altar of Okawaru.
   929 | D:2      | Reached XP level 3. HP: 18/33 MP: 2/2
   977 | D:2      | Found a shimmering altar of Xom.
   978 | D:2      | Found a shimmering altar of Xom.
   980 | D:2      | Found a shimmering altar of Xom.
   980 | D:2      | Found a deep blue altar of Sif Muna.
   980 | D:2      | Found a shadowy altar of Dithmenos.
  1083 | D:2      | HP: 1/33 [gnoll/spear (5)]
  1084 | D:2      | Reached XP level 4. HP: 1/40 MP: 2/2
  1884 | D:3      | Reached skill level 1 in Dodging
  1914 | D:3      | Reached XP level 5. HP: 27/46 MP: 2/2
  1919 | D:3      | Reached skill level 5 in Shields
  1921 | D:3      | Reached skill level 5 in Armour
  2387 | D:2      | Became a worshipper of Warmaster Okawaru
  2534 | D:3      | Gained mutation: You can spit poison. [potion of beneficial mutation]
  2830 | D:4      | Noticed an ogre
  2838 | D:4      | Demolished by an ogre

Action                   |  1- 3 |  4- 6 || total
-------------------------+-------+-------++-------
Melee: Long sword        |    93 |   115 ||   208
  Use: Scroll            |       |     7 ||     7
       Potion            |       |     1 ||     1
  Eat: Bread ration      |       |     1 ||     1
       Chunk             |       |     1 ||     1
